 Dungeon Crawl Stone Soup version 0.32-a0-768-g0f6f1dd4b9 (webtiles) character file.

Game seed: 8898076719464014528

27 PriceMaster the Grave Robber (level 2, -2/19 HPs)
             Began as a Demonspawn Necromancer on Mar 18, 2024.
             Slain by a hobgoblin (3 damage)
             ... on level 2 of the Dungeon.
             The game lasted 00:01:49 (1385 turns).

PriceMaster the Grave Robber (DsNe)                 Turns: 1385, Time: 00:01:50

Health: -2/19      AC:  2    Str:  8    XL:     2   Next: 93%
Magic:  5/5        EV: 11    Int: 15    God:
Gold:   39         SH:  0    Dex: 13    Spells: 4/5 levels left

rFire   . . .        c - +0 hand axe
rCold   . . .        (no shield)
rNeg    . . .        a - +0 robe
rPois   .            (no helmet)
rElec   .            (no cloak)
rCorr   .            (no gloves)
SInv    .            (no boots)
Will    .....        (no amulet)
Stlth   ++           (no ring)
HPRegen 0.23/turn    (no ring)
MPRegen 0.09/turn

%: no passive effects
@: brilliant
A: claws 1
a: no special abilities


You were on level 2 of the Dungeon.
You visited 1 branch of the dungeon, and saw 2 of its levels.

You collected 39 gold pieces.

Inventory:

Hand Weapons
 c - a +0 hand axe (weapon)
 i - a +0 dagger
Armour
 a - a +0 robe (worn)
Jewellery
 h - an amulet of magic regeneration
Scrolls
 f - a scroll of poison {unknown}
 g - a scroll of identify {unknown}
 k - a scroll of immolation {unknown}
Potions
 j - a potion of cancellation


   Skills:
 + Level 0.2 Fighting
 + Level 2.1 Dodging
 + Level 1.8 Stealth
 + Level 2.2 Spellcasting
 + Level 5.0 Necromancy


You had 4 spell levels left.
You knew the following spells:

 Your Spells              Type           Power      Damage    Failure   Level
a - Necrotise             Necr           100%       1d9       2%          1

Your spell library contained the following spells:

 Spells                   Type           Power      Damage    Failure   Level
 Vampiric Draining        Necr           25%        2d7       9%          3
 Animate Dead             Necr           25%        N/A       26%         4
 Curse of Agony           Necr           25%        N/A       58%         5


Dungeon Overview and Level Annotations

Branches:
Dungeon (2/15)

Altars:

Annotations:
D:2 Natasha


Innate Abilities, Weirdness & Mutations

You have sharp fingernails.


Message History

You see here a +0 robe.
You now have 33 gold pieces (gained 5).
Done exploring.
Done exploring.
Done exploring.
No target in view!
There is a stone staircase leading down here.
You climb downwards.
There is a stone staircase leading up here.
You now have 39 gold pieces (gained 6).
Natasha, Servant of Life and Death comes into view.
Natasha is nearby!
Natasha is nearby!
Natasha is nearby!
Natasha hisses angrily.
Natasha stares at you and mumbles some strange words.
The magic dart hits you.
Okay, then.
As you read the scroll labelled GAUNOE BEIRGHO, it crumbles to dust.
You feel strangely unstable.
It was a scroll of teleportation.
As you read the scroll labelled VIRRAI HIFINOA, it crumbles to dust.
A profound silence engulfs you.
It was a scroll of silence.
Natasha claws you!
* * * LOW HITPOINT WARNING * * *
You barely miss Natasha. Natasha claws you.
* * * LOW HITPOINT WARNING * * *
Your surroundings suddenly seem different.
A hobgoblin comes into view.
Found 13 gold pieces.
Found an escape hatch in the floor.
Found a stone staircase leading down and a stone staircase leading up.
It was a potion of cancellation.
Your magical effects are unravelling.
You feel magically purged.
Your hearing returns.
The hobgoblin hits you.
* * * LOW HITPOINT WARNING * * *
It was a potion of brilliance.
You feel clever all of a sudden. The hobgoblin hits you.
You die...

.# .# .# .# .#
# .# #####.##.#
#>.>..g@.#
#.....#.......#
#.##. ....###.#
# .#...<$
..#...... ##
###..#.# ....#
##.##


You could see a hobgoblin.

Vanquished Creatures
  A dart slug (D:1)
  2 ball pythons (D:1)
  A bat (D:1)
  2 endoplasms (D:1)
  3 goblins (D:1)
  A hobgoblin (D:1)
  3 jackals (D:1)
  2 quokkas (D:1)
  3 frilled lizards (D:1)
  3 rats (D:1)
21 creatures vanquished.

Vanquished Creatures (collateral kills)
  An endoplasm (D:1)
1 creature vanquished.

Grand Total: 22 creatures vanquished

Notes
Turn   | Place    | Note
-------+----------+-------------------------------------------
     0 | D:1      | PriceMaster the Demonspawn Necromancer began the quest for
                  | the Orb.
     0 | D:1      | Reached XP level 1. HP: 13/13 MP: 3/3
   317 | D:1      | Discovered your monstrous ancestry.
   317 | D:1      | Gained mutation: You have sharp fingernails. [demonic
                  | ancestry]
   317 | D:1      | Reached XP level 2. HP: 9/19 MP: 3/5
  1012 | D:1      | Reached skill level 5 in Necromancy
  1375 | D:2      | Noticed Natasha
  1385 | D:2      | Slain by a hobgoblin

Illustrated notes

Levels and vault maps discovered:
D:1:      onia_arrival_mini_spirals, layout_basic, ebering_dispersal_statue_hall
D:2:      layout_basic, basic_altar, uniq_natasha, uniq_crazy_yiuf_cottage

Skill      XL: |  1  2 |
---------------+-------+-----
Dodging        | 2 |  2.1
Necromancy     | 5 |  5.0
Fighting       | |  0.2
Stealth        | |  1.8
Spellcasting   | |  2.2

Action                     || total
---------------------------++-------
  Melee: Hand axe          ||    24
   Cast: Necrotise         ||    36
    Use: Potion            ||     4
         Scroll            ||     2
 Armour: Robe              ||    39
  Dodge: Dodged            ||    64

Table legend: (Time is in decaauts)
 A = Elapsed time spent in this place.
 B = Non-inter-level travel time spent in this place.
 C = Inter-level travel time spent in this place.
 D = Time resting spent in this place.
 E = Time spent auto-exploring this place.
 F = Levels seen in this place.
 G = Mean time per level.
                   A        B        C        D        E       F      G
               +--------+--------+--------+--------+--------+-----+--------+
         Total |   1390 |   1383 |      7 |    391 |    835 |   2 |  695.0 |
       Dungeon |   1390 |   1383 |      7 |    391 |    835 |   2 |  695.0 |
               +--------+--------+--------+--------+--------+-----+--------+

Top non-repeatable levels by time:
     D:1: 1341 daAuts
     D:2: 49 daAuts
